[Event "ICCopen2017"]
[Site "Internet Chess Club"]
[Date "2017.04.02"]
[Round "11"]
[White "CristianS"]
[Black "TomorrowLand"]
[Result "1-0"]
[ICCResult "Black checkmated"]
[WhiteElo "2143"]
[BlackElo "1901"]
[Opening "Sicilian defense"]
[ECO "B44"]
[NIC "SI.39"]
[Time "21:10:28"]
[TimeControl "180+0"]

1. e4 c5 2. Nf3 e6 3. d4 cxd4 4. Nxd4 Nc6 5. Be2 Qc7 6. O-O Nf6 7. Nc3 Be7
8. Kh1 O-O 9. f4 d6 10. Be3 Nxd4 11. Bxd4 e5 12. Be3 exf4 13. Bxf4 Be6 14.
Nd5 Bxd5 15. exd5 Rfe8 16. Bd3 Nd7 17. Qd2 Bf6 18. c3 g6 19. Rae1 Ne5 20.
Bxe5 Bxe5 21. Rf3 Bg7 22. Ref1 f5 23. h4 Qe7 24. h5 Qh4+ 25. Rh3 Qg4 26.
hxg6 hxg6 27. Rff3 Kf7 28. Rfg3 Qa4 29. Bxf5 gxf5 30. Qg5 Rg8 31. Qxf5+ Ke8
32. Qe6+ Kd8 33. Qxg8+ Kc7 34. Rxg7+ Kb6 35. Qxa8 Qd1+ 36. Kh2 Qxd5 37. Qd8+
Kb5 38. Rg5 Kc5 39. Qc7+ Kb5 40. Rxd5+ Ka4 41. Ra5# {Black checkmated} 1-0

[Event "ICCopen2017"]
[Site "Internet Chess Club"]
[Date "2017.04.02"]
[Round "11"]
[White "Ajolote"]
[Black "CapitanCentella"]
[Result "1-0"]
[ICCResult "Black forfeits on time"]
[WhiteElo "1556"]
[BlackElo "1695"]
[Opening "Ruy Lopez: old Steinitz defense"]
[ECO "C62"]
[NIC "RL.02"]
[Time "21:09:35"]
[TimeControl "180+0"]

1. e4 e5 2. Nf3 Nc6 3. Bb5 d6 4. d4 exd4 5. Nxd4 Bd7 6. O-O Nf6 7. Nc3 Be7
8. Be3 O-O 9. f4 a6 10. Nxc6 bxc6 11. Bc4 Be6 12. Bxe6 fxe6 13. e5 Nd5 14.
Nxd5 exd5 15. e6 Bf6 16. c3 Qe7 17. f5 Rab8 18. Qc2 Be5 19. g4 c5 20. g5 d4
21. cxd4 cxd4 22. f6 Qxe6 23. Bd2 Qg4+ 24. Kh1 Qh3 25. Ba5 d3 26. Qc4+ Kh8
27. fxg7+ Kxg7 28. Qxc7+ Kh8 29. Rf2 Rbc8 30. Qa7 Rce8 31. Bc3 Rxf2 32. Qxf2
Qe6 33. Bxe5+ Qxe5 34. Rf1 Qd5+ 35. Kg1 Qxg5+ 36. Kh1 Qd5+ 37. Kg1 Rg8+ 38.
Qg3 Rxg3+ 39. hxg3 Kg7 40. Kh2 d2 41. Rd1 Qd3 42. Kh3 Qe2 43. Kh4 Qxd1 44.
Kg5 {Black forfeits on time} 1-0

[Event "ICCopen2017"]
[Site "Internet Chess Club"]
[Date "2017.04.02"]
[Round "11"]
[White "lustigbridge"]
[Black "arsam"]
[Result "1-0"]
[ICCResult "Black forfeits on time"]
[WhiteElo "1975"]
[BlackElo "2524"]
[Opening "Trompowsky attack (Ruth, Opocenský opening)"]
[ECO "A45"]
[NIC "QP.07"]
[Time "21:09:57"]
[TimeControl "180+0"]

1. d4 Nf6 2. Bg5 e6 3. Nc3 d5 4. Nf3 h6 5. Bh4 c5 6. e3 Nc6 7. Bb5 Qb6 8. a4
a6 9. a5 Qc7 10. Ba4 Be7 11. Ne5 O-O 12. Bxc6 bxc6 13. O-O cxd4 14. exd4 Rb8
15. Na4 c5 16. c3 cxd4 17. cxd4 Rb4 18. Nb6 Bb7 19. Rc1 Qd8 20. Qd2 Ne4 21.
Bxe7 Qxe7 22. Qe3 Rxb2 23. f3 Nd6 24. Qa3 Rb5 25. Nc6 Bxc6 26. Rxc6 Nf5 27.
Qa1 Qb4 28. Nd7 Rxa5 29. Qc1 Qxd4+ 30. Kh1 Ne3 31. Re1 Nc4 32. Nxf8 Kxf8 33.
Rc8+ Ke7 34. Qb1 Rb5 35. Qa1 Qxa1 36. Rxa1 a5 37. g3 d4 38. Rxc4 Rd5 39. Rd1
e5 40. f4 f6 41. fxe5 fxe5 42. Kg2 Ke6 43. Kf3 Rb5 44. Ra4 Rb3+ 45. Kf2 Rb2+
46. Kf3 Rb3+ 47. Kg4 Rb5 48. Rda1 d3 49. Rxa5 Rb2 50. R5a2 Rb3 51. Rd2 e4
52. Kf4 Kd5 53. Ke3 Rb5 54. Ra4 Rb1 55. Rd4+ Kc5 56. Rxe4 Rh1 57. Kxd3 g5
58. Rc4+ Kd5 59. Kc3+ Ke5 60. Re2+ Kf5 61. Rc5+ Kg4 62. Rc4+ Kf3 63. Re6
Rxh2 64. Kb4 Kxg3 65. Rc3+ Kg4 66. Rec6 Kh5 67. R6c4 Rh4 68. Kc5 Rxc4+ 69.
Kxc4 g4 70. Kd3 Kh4 71. Ke2 h5 72. Kf1 g3 73. Kg1 Kg4 74. Kg2 h4 75. Rc4+
Kg5 76. Kh3 Kf5 77. Rxh4 g2 78. Rg4 g1=Q 79. Rxg1 Kf4 80. Rg2 Kf5 81. Rg4
{Black forfeits on time}
1-0

[Event "ICCopen2017"]
[Site "Internet Chess Club"]
[Date "2017.04.02"]
[Round "11"]
[White "Massada"]
[Black "fredx"]
[Result "1-0"]
[ICCResult "Black forfeits on time"]
[WhiteElo "1423"]
[BlackElo "1032"]
[Opening "Caro-Kann: Panov-Botvinnik attack"]
[ECO "B13"]
[NIC "CK.03"]
[Time "21:10:07"]
[TimeControl "180+0"]

1. e4 d5 2. exd5 Nf6 3. c4 c6 4. d4 cxd5 5. Nc3 dxc4 6. Bxc4 e6 7. Nf3 Bb4
8. O-O Nc6 9. Bg5 O-O 10. Ne4 Be7 11. Nc5 b6 12. Nb3 a6 13. Rc1 b5 14. Bxe6
Bxe6 15. Rxc6 Bd5 16. Rc1 Bc4 17. Re1 Nd5 18. Bxe7 Nxe7 19. Ne5 Ng6 20. Nxc4
bxc4 21. Rxc4 Qd5 22. Rc5 Qd6 23. d5 Nf4 24. Re4 Ng6 25. Rc6 Qd7 26. Rec4 h6
27. d6 Rac8 28. Rxc8 Rd8 29. Rxd8+ Qxd8 30. d7 Ne5 31. Rc8 Nxd7 32. Rxd8+
{Black forfeits on time}
1-0

[Event "ICCopen2017"]
[Site "Internet Chess Club"]
[Date "2017.04.02"]
[Round "11"]
[White "CaptEvans"]
[Black "Troy"]
[Result "1-0"]
[ICCResult "Black checkmated"]
[WhiteElo "1709"]
[BlackElo "1406"]
[Opening "Sicilian: Grand Prix attack"]
[ECO "B21"]
[NIC "SI.48"]
[Time "21:10:40"]
[TimeControl "180+0"]

1. e4 c5 2. f4 e6 3. Nf3 Nc6 4. c3 a6 5. d4 cxd4 6. cxd4 b5 7. Be3 d6 8. Nc3
Bb7 9. d5 Na5 10. dxe6 fxe6 11. Bd3 Rc8 12. O-O Be7 13. Rc1 h6 14. e5 Bxf3
15. Bg6+ Kd7 16. Qxf3 d5 17. f5 Nc4 18. fxe6+ Kc6 19. Nxd5 Kb7 20. Nxe7+ Kb8
21. Nxc8 Qxc8 22. b3 Qxe6 23. Bf7 Nxe5 24. Bxe6 Nxf3+ 25. Rxf3 Nf6 26. Bd4
Re8 27. Bf7 Re7 28. Bxf6 Rxf7 29. Be5+ Kb7 30. Rxf7+ Kb6 31. Rxg7 Ka5 32.
Rg6 h5 33. Rh6 Kb4 34. Rxh5 Ka3 35. g4 a5 36. Bc7 a4 37. bxa4 b4 38. Rf1
Kxa2 39. a5 b3 40. Rb5 b2 41. a6 b1=Q 42. Rfxb1 Ka3 43. a7 Ka2 44. a8=Q#
{Black checkmated}
1-0

[Event "ICCopen2017"]
[Site "Internet Chess Club"]
[Date "2017.04.02"]
[Round "11"]
[White "chigato"]
[Black "Bishopmate"]
[Result "1-0"]
[ICCResult "Black resigns"]
[WhiteElo "1581"]
[BlackElo "1246"]
[Opening "KP: King's head opening"]
[ECO "A00"]
[Time "21:11:13"]
[TimeControl "180+0"]

1. f3 e5 2. e4 Qh4+ 3. g3 Qf6 4. Bc4 Nc6 5. c3 Bc5 6. Qe2 d6 7. d3 Be6 8.
Bb5 a6 9. Ba4 b5 10. Bc2 O-O-O 11. h4 d5 12. Bg5 Qg6 13. Bxd8 Qxg3+ 14. Kf1
Kxd8 15. Qg2 Qf4 16. Qg5+ Qxg5 17. hxg5 dxe4 18. fxe4 Nge7 19. Nd2 Ng6 20.
Ne2 f5 21. gxf6 gxf6 22. Nf3 f5 23. Ng5 Rf8 24. Nxe6+ Ke8 25. Nxf8 Kxf8 26.
Rxh7 Nf4 27. Nxf4 exf4 28. Rxc7 {Black resigns} 1-0

[Event "ICCopen2017"]
[Site "Internet Chess Club"]
[Date "2017.04.02"]
[Round "11"]
[White "tenho"]
[Black "NJSKing"]
[Result "0-1"]
[ICCResult "White forfeits on time"]
[WhiteElo "1956"]
[BlackElo "2118"]
[Opening "English opening"]
[ECO "A20"]
[NIC "EO.24"]
[Time "21:10:03"]
[TimeControl "180+0"]

1. c4 e5 2. g3 Nc6 3. Bg2 Bc5 4. Nc3 Nf6 5. e3 d5 6. cxd5 Nb4 7. d3 Nbxd5 8.
Nge2 O-O 9. O-O c6 10. d4 exd4 11. exd4 Bb6 12. Bg5 h6 13. Nxd5 hxg5 14.
Nxb6 Qxb6 15. Qd2 Be6 16. Qxg5 Qxb2 17. Nf4 Bc4 18. Rfd1 Rad8 19. d5 Nxd5
20. Rab1 Nxf4 21. Qxf4 Rxd1+ 22. Rxd1 Qxa2 23. h4 Bd5 24. Bxd5 cxd5 25. h5
Rd8 26. h6 Qe2 27. Rd2 Qe1+ 28. Kg2 Rd7 29. hxg7 Qe6 30. Qg5 Qe4+ 31. f3 Qg6
32. Qe5 Rd8 33. Rxd5 Rxd5 34. Qxd5 Kxg7 35. Qxb7 Qc2+ 36. Kh3 a5 37. g4 Qc3
38. Qa8 Qb4 39. g5 a4 40. g6 fxg6 41. Qa7+ Kh6 42. Qe3+ Kh7 43. Qa7+ Kh6 44.
Qe3+ Kg7 45. Qa7+ Kf6 46. Qa6+ Kf7 47. Qa7+ Kg8 48. Qa8+ Kh7 49. Qa7+ Kh8
50. Qa8+ Kg7 51. Qa7+ Kg8 52. Qa8+ Qf8 53. Qxa4 Qxf3+ 54. Kh4 Qf7 55. Qd4
Kh7 56. Qe4 Qf2+ 57. Kg4 Qg1+ 58. Kh4 Qh2+ 59. Kg4 Qh5+ 60. Kg3 Kh6 61. Qf4+
Qg5+ 62. Qxg5+ Kxg5 63. Kf3 Kh4 64. Kg2 Kg4 65. Kf2 Kh3 66. Kg1 Kg3 67. Kh1
g5 {White forfeits on time} 0-1

[Event "ICCopen2017"]
[Site "Internet Chess Club"]
[Date "2017.04.02"]
[Round "11"]
[White "blunderville"]
[Black "ivancele"]
[Result "1-0"]
[ICCResult "Black forfeits on time"]
[WhiteElo "1600"]
[BlackElo "1507"]
[Opening "Pirc: Ufimtsev-Pytel variation"]
[ECO "B07"]
[NIC "PU.08"]
[Time "21:10:24"]
[TimeControl "180+0"]

1. e4 d6 2. d4 Nf6 3. Nc3 c6 4. f4 g6 5. Nf3 Qc7 6. Bc4 b5 7. Bd3 a6 8. O-O
Bg7 9. e5 Nd5 10. Ne4 dxe5 11. fxe5 O-O 12. a3 Nd7 13. c4 bxc4 14. Bxc4 e6
15. Bg5 Rb8 16. b4 a5 17. Bxd5 cxd5 18. Rc1 Qb6 19. Be7 Re8 20. Bc5 Nxc5 21.
Nxc5 axb4 22. axb4 Qxb4 23. Ng5 Re7 24. h3 Bh6 25. h4 Bxg5 26. hxg5 Ra7 27.
Qf3 Qb2 28. Rcd1 Rb4 29. Qf6 Rxd4 30. Qd8+ Kg7 31. Qxc8 Rxd1 32. Rxd1 Qxe5
33. Nd7 Qe3+ 34. Kh1 Rxd7 35. Qxd7 Qxg5 36. Rf1 Qh4+ 37. Kg1 Qd4+ 38. Rf2
Qd1+ 39. Kh2 Qh5+ 40. Kg3 {Black forfeits on time} 1-0

[Event "ICCopen2017"]
[Site "Internet Chess Club"]
[Date "2017.04.02"]
[Round "11"]
[White "Nightlife"]
[Black "bennywins"]
[Result "1-0"]
[ICCResult "Black checkmated"]
[WhiteElo "1777"]
[BlackElo "1526"]
[Opening "Danish gambit"]
[ECO "C21"]
[NIC "KP.04"]
[Time "21:10:32"]
[TimeControl "180+0"]

1. e4 e5 2. d4 exd4 3. c3 dxc3 4. Nxc3 Nf6 5. Nf3 Bb4 6. Bd3 O-O 7. O-O d5
8. e5 Bxc3 9. bxc3 Nfd7 10. Ng5 h6 11. e6 hxg5 12. Qh5 Nf6 13. exf7+ Rxf7
14. Qxg5 Nc6 15. Bg6 Re7 16. Ba3 Re5 17. Qh4 Bf5 18. f4 Bxg6 19. fxe5 Nxe5
20. Rae1 Nd3 21. Be7 Qd7 22. Bxf6 gxf6 23. Qxf6 Qg7 24. Qxg7+ Kxg7 25. Re7+
Kh6 26. Rf3 Rg8 27. Rh3+ Kg5 28. Rg3+ Kf5 29. Rxd3 Kf4 30. Rf3+ Kg4 31. h3+
Kh5 32. Re5+ Kh6 33. Rf6 Rg7 34. Rxd5 c6 35. Rdd6 Kh7 36. g4 b6 37. Rxc6 Be8
38. Rh6+ Kg8 39. Rce6 Re7 40. Rxe7 Kf8 41. Rxe8+ Kxe8 42. Rh7 Kd8 43. Rf7
Kc8 44. g5 Kb8 45. g6 a5 46. g7 a4 47. g8=Q# {Black checkmated} 1-0

[Event "ICCopen2017"]
[Site "Internet Chess Club"]
[Date "2017.04.02"]
[Round "11"]
[White "Mormegil"]
[Black "LevAbramovich"]
[Result "0-1"]
[ICCResult "White checkmated"]
[WhiteElo "1736"]
[BlackElo "2048"]
[Opening "King's Indian: fianchetto without c4"]
[ECO "A49"]
[NIC "QP.06"]
[Time "21:10:47"]
[TimeControl "180+0"]

1. d4 Nf6 2. Nf3 g6 3. g3 Bg7 4. Bg2 O-O 5. O-O d6 6. a4 Nc6 7. a5 a6 8. Nc3
Bg4 9. e4 e5 10. d5 Nd4 11. h3 Bxf3 12. Bxf3 c5 13. Bg2 Nh5 14. Ne2 Bf6 15.
c3 Nxe2+ 16. Qxe2 Bg5 17. Bf3 Ng7 18. h4 Bxc1 19. Raxc1 f5 20. exf5 gxf5 21.
Bg2 Qf6 22. f4 Rae8 23. fxe5 Rxe5 24. Qd2 Qg6 25. Kh2 Rfe8 26. Rf2 Re3 27.
Rf3 Re2 28. Qd3 Rxb2 29. Rcf1 Ree2 30. Rg1 Rbd2 31. Qb1 Qf7 32. Rd3 Rb2 33.
Qd1 f4 34. Rf3 Nh5 35. g4 Ng3 36. Qd3 Qe7 37. Rxf4 Qxh4# {White checkmated}
0-1

[Event "ICCopen2017"]
[Site "Internet Chess Club"]
[Date "2017.04.02"]
[Round "11"]
[White "supermouse"]
[Black "alejandrorios"]
[Result "0-1"]
[ICCResult "White forfeits on time"]
[WhiteElo "2564"]
[BlackElo "2177"]
[Opening "King's Indian: fianchetto without c4"]
[ECO "A49"]
[NIC "QP.06"]
[Time "21:09:59"]
[TimeControl "180+0"]

1. Nf3 Nf6 2. d4 g6 3. g3 Bg7 4. Bg2 d6 5. O-O O-O 6. Nc3 Nc6 7. e4 e5 8. h3
exd4 9. Nxd4 Bd7 10. Be3 Re8 11. f4 Nxd4 12. Bxd4 Bc6 13. Qd3 Qd7 14. Rfe1
Re7 15. b4 a6 16. a4 Qe8 17. g4 Rd8 18. b5 axb5 19. axb5 Bd7 20. Bf3 Kh8 21.
Kg2 c6 22. g5 Nh5 23. Bxh5 gxh5 24. Bxg7+ Kxg7 25. Qd4+ Kg8 26. b6 c5 27.
Qd3 Bc6 28. Kg3 d5 29. e5 d4 30. Ne4 Bxe4 31. Qxe4 Qb5 32. Rab1 Qd7 33. Rbd1
Qb5 34. Rb1 Qc4 35. Rb3 Qa4 36. f5 Rde8 37. e6 fxe6 38. f6 Rd7 39. Rf3 Qc6
40. Kh4 Qxe4+ 41. Rxe4 Kf7 42. Kxh5 c4 43. h4 d3 44. cxd3 cxd3 45. Re1 d2
46. Rd1 e5 47. Re3 Ke6 48. Kh6 Rd4 49. h5 Rd7 50. Re2 Red8 51. Rf2 e4 52. g6
hxg6 53. hxg6 e3 54. Re2 Rd3 55. f7 Kf6 56. Rf1+ Ke6 57. Rd1 Kf6 58. Rf1+
Ke6 59. g7 d1=Q 60. f8=Q Rxf8 61. gxf8=Q Qxe2 62. Qf7+ Ke5 63. Qf6+ Kd5 64.
Rf5+ Kc4 65. Qe6+ Kc3 66. Qe5+ Kd2 67. Qa5+ Kd1 68. Qd5 Rxd5 69. Rxd5+ Qd2
70. Rg5 e2 71. Kh5 e1=Q 72. Rg4 Qde2 73. Kg5 Qxg4+ 74. Kxg4 Qb4+ 75. Kf5
Qxb6 {White forfeits on time} 0-1

[Event "ICCopen2017"]
[Site "Internet Chess Club"]
[Date "2017.04.02"]
[Round "11"]
[White "cloak1"]
[Black "elifly6"]
[Result "1/2-1/2"]
[ICCResult "Black ran out of time and White has no material to mate"]
[WhiteElo "1800"]
[BlackElo "1729"]
[Opening "French: MacCutcheon, Chigorin variation"]
[ECO "C12"]
[NIC "FR.05"]
[Time "21:10:11"]
[TimeControl "180+0"]

1. e4 e6 2. d4 d5 3. Nc3 Nf6 4. Bg5 Bb4 5. e5 h6 6. exf6 hxg5 7. fxg7 Rg8 8.
Qh5 Qf6 9. Nf3 Qxg7 10. O-O-O Bxc3 11. bxc3 Bd7 12. Bd3 Nc6 13. h4 g4 14.
Ng5 e5 15. Bh7 Rh8 16. dxe5 Nxe5 17. Rhe1 O-O-O 18. Rxd5 f6 19. f4 fxg5 20.
Rdxe5 Rxh7 21. Qxg5 Qxg5 22. hxg5 g3 23. g6 Rh2 24. f5 Rxg2 25. f6 Rf2 26.
f7 g2 27. Rg5 Rf1 28. Kb2 Rxe1 29. g7 g1=Q 30. Rxg1 Rxg1 31. f8=Q b6 32. c4
Be6 33. Qe7 Bxc4 34. Kc3 Bxa2 35. Qf8 Be6 36. Kb2 Bd7 37. Qf6 Kb7 38. Qf3+
Bc6 39. Qf8 Kc8 40. Qf5+ Kb7 41. Qf7 Kc8 42. Qf8 a6 43. Kc3 a5 44. Kb2 b5
45. c3 b4 46. cxb4 axb4 47. Kb3 Rg4 48. Qf5+ Bd7 49. Qa5 Rg3+ 50. Kxb4 Rg4+
51. Kc3 Rg3+ 52. Kc2 Rg5 53. Kc1 Rxa5 54. Kb2 Rd5 55. Kc3 Rb5 56. Kd2 Rg5
57. Ke3 Rxg7 58. Kf2 Rf7+ 59. Ke3 Re8+ 60. Kd4 Re6 61. Kc5
{Black ran out of time and White has no material to mate}
1/2-1/2

[Event "ICCopen2017"]
[Site "Internet Chess Club"]
[Date "2017.04.02"]
[Round "11"]
[White "snaillike"]
[Black "anan"]
[Result "0-1"]
[ICCResult "White forfeits on time"]
[WhiteElo "1331"]
[BlackElo "1594"]
[Opening "Blackmar-Diemer gambit"]
[ECO "D00"]
[NIC "QP.07"]
[Time "21:10:21"]
[TimeControl "180+0"]

1. d4 Nf6 2. Nc3 d5 3. e4 dxe4 4. f3 Bf5 5. fxe4 Nxe4 6. Qf3 Nxc3 7. Qxf5
Nd5 8. Bc4 e6 9. Qf2 Nb6 10. Bd3 Nc6 11. Ne2 Bd6 12. O-O O-O 13. Qf3 Qh4 14.
Ng3 Nxd4 15. Qf2 Bxg3 16. hxg3 Qg4 17. Be3 Nf5 18. Bxf5 exf5 19. Qxf5 Qxg3
20. Rf3 Qd6 21. Rh3 g6 22. Qg4 Nd5 23. Bh6 Rfe8 24. Rd1 Qe6 25. Qf3 Nf6 26.
Rf1 Ng4 27. Rg3 Nxh6 28. Qf4 Nf5 29. Qxf5 Qd6 30. Qxf7+ Kh8 31. Rh3 Qc5+
{White forfeits on time}
0-1

[Event "ICCopen2017"]
[Site "Internet Chess Club"]
[Date "2017.04.02"]
[Round "11"]
[White "Wilsonpalencia"]
[Black "HuevosDeLeon"]
[Result "1-0"]
[ICCResult "Black checkmated"]
[WhiteElo "2548"]
[BlackElo "2521"]
[Opening "Alekhine's defense: four pawns attack"]
[ECO "B02"]
[NIC "AL.07"]
[Time "21:10:50"]
[TimeControl "180+0"]

1. e4 Nf6 2. e5 Nd5 3. c4 Nb6 4. d4 d6 5. f4 dxe5 6. fxe5 c5 7. d5 g6 8. Nc3
Bg7 9. Bf4 O-O 10. a4 e6 11. Be2 exd5 12. cxd5 Re8 13. a5 N6d7 14. e6 fxe6
15. dxe6 Nf6 16. Qxd8 Rxd8 17. e7 Re8 18. Bd6 Nc6 19. Bc4+ Kh8 20. Bf7 Rxe7+
21. Bxe7 Nxe7 22. Nf3 Bg4 23. O-O Rf8 24. Bc4 Nc6 25. Ng5 h6 26. Nf7+ Kh7
27. Nd6 b6 28. h3 Bd7 29. axb6 axb6 30. Ra6 Ne5 31. Rxb6 Rd8 32. Bb5 Bxb5
33. Ndxb5 Nc4 34. Rbxf6 Bxf6 35. Rxf6 Nxb2 36. Nd6 Kg7 37. Rf7+ Kg8 38. Nce4
Rxd6 39. Nxd6 Nc4 40. Rd7 Ne5 41. Rc7 c4 42. Nxc4 Nd3 43. Ne3 Nf4 44. Ng4 h5
45. Nf6+ Kf8 46. Nh7+ Kg8 47. Ng5 Ne2+ 48. Kf2 Nd4 49. Ke3 Nf5+ 50. Kf4 Nd4
51. Ke5 Nb5 52. Rb7 Nc3 53. Rc7 Nb5 54. Rc5 Na3 55. Kf6 h4 56. Rc8#
{Black checkmated}
1-0

[Event "ICCopen2017"]
[Site "Internet Chess Club"]
[Date "2017.04.02"]
[Round "11"]
[White "ZonaLeste"]
[Black "kaimann"]
[Result "1/2-1/2"]
[ICCResult "Black ran out of time and White has no material to mate"]
[WhiteElo "1724"]
[BlackElo "1893"]
[Opening "Anderssen's opening"]
[ECO "A00"]
[NIC "VO.14"]
[Time "21:10:10"]
[TimeControl "180+0"]

1. a3 e5 2. c4 Nf6 3. Nf3 Nc6 4. d3 d5 5. cxd5 Nxd5 6. e4 Nb6 7. Be3 Be7 8.
Be2 Bg4 9. O-O O-O 10. Nbd2 f6 11. b4 Be6 12. Nb3 a6 13. d4 exd4 14. Nbxd4
Nxd4 15. Nxd4 Bf7 16. Nf5 Nc4 17. Nxe7+ Qxe7 18. Bc5 Nd6 19. Qc2 Rfd8 20.
Bd3 b6 21. Be3 b5 22. Bc5 Qe6 23. f4 Nc4 24. e5 g6 25. exf6 Qxf6 26. f5 g5
27. Rfe1 Re8 28. a4 Rad8 29. axb5 axb5 30. Rxe8+ Rxe8 31. Bf2 Qxa1+ 32. Bf1
Qb2 33. Qd3 Qc1 34. Qd7 Nd2 35. Qxb5 Qxf1+ 36. Qxf1 Nxf1 37. Kxf1 c6 38. Bc5
Re5 39. g4 Re4 40. h3 Bc4+ 41. Kf2 Re2+ 42. Kf3 Rh2 43. Kg3 Re2 44. h4 gxh4+
45. Kxh4 Kf7 46. Kg5 Rg2 47. Kf4 Be2 48. g5 Rg4+ 49. Ke3 Bc4 50. f6 Rxg5 51.
Be7 Rf5 52. Kd4 Rxf6 53. Bxf6 Kxf6 54. Kxc4 h5 55. Kc5 h4 56. Kxc6 h3 57. b5
h2 58. b6 h1=Q+ 59. Kc7 Qc1+ 60. Kd6 Qc8 61. Kd5 Qb7+ 62. Kc5 Ke7 63. Kb5
Kd7 64. Kc5 Ke6 65. Kb5 Kd6 66. Kc4 Kc6 67. Kd4 Qxb6+ 68. Ke5 Qb4 69. Kf6
Kd6 70. Kf5 Qd4 71. Kg6
{Black ran out of time and White has no material to mate}
1/2-1/2

[Event "ICCopen2017"]
[Site "Internet Chess Club"]
[Date "2017.04.02"]
[Round "11"]
[White "TeddyBear"]
[Black "blackending"]
[Result "0-1"]
[ICCResult "White forfeits on time"]
[WhiteElo "1618"]
[BlackElo "1524"]
[Opening "King's Indian: accelerated Averbakh system"]
[ECO "E70"]
[NIC "KI.31"]
[Time "21:10:41"]
[TimeControl "180+0"]

1. d4 Nf6 2. c4 g6 3. Nc3 Bg7 4. e4 d6 5. Bg5 O-O 6. f4 h6 7. Bh4 c5 8. d5
a6 9. Nf3 Qc7 10. Qd2 e6 11. Bd3 exd5 12. cxd5 b5 13. O-O Re8 14. e5 dxe5
15. fxe5 Ng4 16. d6 Qb6 17. Nd5 Qb7 18. Be4 Nc6 19. Ne7+ Rxe7 20. dxe7 Be6
21. Qd8+ Nxd8 22. exd8=Q+ Rxd8 23. Bxb7 g5 24. Bg3 Ne3 25. Rfc1 Nc4 26. b3
Na5 27. Bxa6 c4 28. Bxb5 cxb3 29. axb3 Nxb3 30. Rab1 Nxc1 31. Rxc1 Rd5 32.
Bc4 Rc5 33. Nd2 Bxe5 34. Bf2 Rc8 35. Rc2 Bf4 36. Bb3 Rxc2 37. Bxc2 Bxd2 38.
Bc5 Kg7 39. Kf2 f6 40. Ke2 Bc3 41. Kd3 Be5 {White forfeits on time} 0-1

[Event "ICCopen2017"]
[Site "Internet Chess Club"]
[Date "2017.04.02"]
[Round "11"]
[White "Magagna"]
[Black "rencoroso"]
[Result "0-1"]
[ICCResult "White forfeits on time"]
[WhiteElo "1731"]
[BlackElo "1934"]
[Opening "King's Indian: London system"]
[ECO "A48"]
[NIC "QP.06"]
[Time "21:09:56"]
[TimeControl "180+0"]

1. d4 Nf6 2. Nf3 g6 3. Bf4 d6 4. e3 Nh5 5. Bg3 Bg7 6. Nbd2 O-O 7. Bd3 c5 8.
c4 cxd4 9. exd4 Nc6 10. d5 Nxg3 11. hxg3 Nb4 12. Qb3 Nxd3+ 13. Qxd3 Bxb2 14.
Rb1 Bg7 15. Ng5 h6 16. Nge4 Qa5 17. Qb3 Bf5 18. f3 Rab8 19. Ke2 a6 20. a4
Rfc8 21. g4 Bd7 22. Qd3 b5 23. axb5 axb5 24. g5 h5 25. g4 hxg4 26. fxg4
Bxg4+ 27. Kf2 bxc4 28. Nxc4 Qa2+ 29. Ncd2 Bf5 30. Rxb8 Rxb8 31. Qc4 Rb2 32.
Qxa2 Rxa2 33. Ke3 Ra3+ 34. Ke2 Bd4 35. Rb1 Re3+ 36. Kf1 Bxe4 37. Nxe4 Rxe4
38. Rb8+ Kg7 39. Re8 Be3 40. Ke2 Bxg5+ 41. Kd3 Re5 42. Ra8 Bf6 43. Kc4 Re4+
44. Kd3 Rd4+ 45. Ke3 Rxd5 46. Ra7 Re5+ 47. Kf3 d5 48. Rd7 d4 49. Kf2 Rf5+
50. Ke2 e5 51. Kd3 Rf3+ 52. Ke4 Re3+ 53. Kd5 d3 54. Kc4 e4 55. Rd5 Re2 56.
Kb3 d2 57. Kc2 e3 58. Kd1 Re1+ 59. Kc2 d1=Q+ 60. Rxd1 Rxd1 61. Kxd1 Bd4 62.
Ke2 f5 63. Kf3 f4 64. Ke2 g5 65. Kf3 g4+ 66. Kxg4 e2 67. Kxf4 e1=Q 68. Kf5
Qe5+ 69. Kg4 Be3 70. Kf3 Qf4+ 71. Ke2 Qf2+ 72. Kd3 Qd2+ 73. Kc4 Qd4+ 74. Kb5
Qc5+ {White forfeits on time} 0-1

[Event "ICCopen2017"]
[Site "Internet Chess Club"]
[Date "2017.04.02"]
[Round "11"]
[White "yummy2"]
[Black "intermaster"]
[Result "1-0"]
[ICCResult "Black forfeits on time"]
[WhiteElo "2653"]
[BlackElo "2245"]
[Opening "Sicilian: dragon, Yugoslav attack, 7...O-O"]
[ECO "B76"]
[NIC "SI.17"]
[Time "21:10:28"]
[TimeControl "180+0"]

1. e4 c5 2. Nf3 d6 3. d4 cxd4 4. Nxd4 Nf6 5. Nc3 g6 6. Be3 Bg7 7. f3 O-O 8.
Qd2 Nc6 9. g4 e5 10. Nb3 Be6 11. O-O-O Bxb3 12. axb3 Nd4 13. Bxd4 exd4 14.
Nb5 a5 15. Qxd4 Nxg4 16. Qg1 Qg5+ 17. Kb1 Qf6 18. Nc3 Ne5 19. Be2 Nxf3 20.
Qb6 Nd4 21. Rhf1 Qe5 22. Bc4 Ne6 23. Qxb7 Nc5 24. Bxf7+ Kh8 25. Qd5 a4 26.
Qxe5 Bxe5 27. Nxa4 Nxa4 28. bxa4 Rxa4 29. Bd5 Rb8 30. Bb3 Rxe4 31. Rf2 Reb4
32. Rd3 R4b7 33. Kc1 Ra7 34. Kd2 Ra1 35. Rdf3 Rh1 36. Rf8+ Rxf8 37. Rxf8+
Kg7 38. Rf7+ Kh6 39. Rf2 Bxh2 40. c3 Be5 41. Kc2 Ra1 42. Bd5 Kg7 43. Rf7+
Kh6 44. Rd7 g5 45. Bg8 g4 46. Rxh7+ Kg5 47. Rd7 Kf4 48. Bd5
{Black forfeits on time}
1-0

[Event "ICCopen2017"]
[Site "Internet Chess Club"]
[Date "2017.04.02"]
[Round "11"]
[White "SPARNALIQ"]
[Black "Red-white"]
[Result "1/2-1/2"]
[ICCResult "White stalemated"]
[WhiteElo "2939"]
[BlackElo "2877"]
[Opening "Catalan opening"]
[ECO "E00"]
[NIC "CA.01"]
[Time "21:10:37"]
[TimeControl "180+0"]

1. d4 Nf6 2. c4 e6 3. g3 Bb4+ 4. Bd2 Be7 5. Bg2 d5 6. Nf3 O-O 7. O-O Nbd7 8.
Qc2 c6 9. Bf4 b6 10. Nbd2 Nh5 11. cxd5 Nxf4 12. dxc6 Nxe2+ 13. Kh1 Nf6 14.
c7 Qd6 15. Nc4 Qxc7 16. Qxe2 Bb7 17. Rac1 Rac8 18. Rfd1 Rfd8 19. Nfe5 Bd5
20. Rc3 Qb7 21. Ne3 Bxg2+ 22. Nxg2 Nd5 23. Rxc8 Rxc8 24. Kg1 Bf6 25. a3 h6
26. Ne3 Nxe3 27. Qxe3 Qd5 28. Ng4 Bg5 29. Qd3 Qc4 30. h4 Qxd3 31. Rxd3 Bc1
32. b4 b5 33. Ne3 Rd8 34. Kg2 Kf8 35. Kf3 Ke7 36. Rc3 Bb2 37. Rc7+ Rd7 38.
Rxd7+ Kxd7 39. Nc2 Kd6 40. Ke4 f5+ 41. Kd3 Bc1 42. h5 Kd5 43. Ne3+ Bxe3 44.
fxe3 e5 45. dxe5 Kxe5 46. Kd2 Kf6 47. Kd3 Kg5 48. e4 fxe4+ 49. Kxe4 Kxh5 50.
Kf5 a6 51. Kf4 g6 52. Kf3 Kg5 53. Kf2 h5 54. Kg2 Kf5 55. Kf2 g5 56. Kf3 h4
57. Ke3 hxg3 58. Kf3 g2 59. Kg3 Ke4 60. Kxg2 Kd3 61. Kg3 Kc3 62. Kg4 Kb3 63.
Kxg5 Kxa3 64. Kf4 Kb3 65. Ke3 Kxb4 66. Kd2 Kb3 67. Kc1 a5 68. Kb1 a4 69. Ka1
a3 70. Kb1 Ka4 71. Ka2 b4 72. Kb1 b3 73. Ka1 Kb4 74. Kb1 Kc3 75. Ka1 a2
{White stalemated}
1/2-1/2